 Dungeon Crawl Stone Soup version 0.31-a0-369-g8eba5f6939 (webtiles) character file.

Game seed: 10065287742426200562

760 Maratek the Chopper (level 7, -5/54 HPs)
             Began as a Minotaur Fighter on July 28, 2023.
             Was a Priest of Hepliaklqana.
             Slain by an orc warrior
             ... wielding a +0 trident
              (10 damage)
             ... on level 7 of the Dungeon.
             The game lasted 00:09:36 (4384 turns).

Maratek the Chopper (Minotaur Fighter)              Turns: 4384, Time: 00:09:37

Health: -5/54      AC:  5    Str: 23    XL:     7   Next: 51%
Magic:  6/6        EV: 11    Int:  7    God:    Hepliaklqana [***...]
Gold:   173        SH:  4    Dex:  9    Spells: 6/6 levels left

rFire   + . .        l - +3 whip of the Sky {freeze, Drain rElec Stlth+}
rCold   . . .        c - +0 buckler
rNeg    . . .        v - +0 leather armour of Gemnoss {rF+ Int+2}
rPois   .            (helmet restricted)
rElec   +            p - +0 cloak
rCorr   .            (no gloves)
SInv    .            (no boots)
Will    .....        (no amulet)
Stlth   ++           (no ring)
HPRegen 0.29/turn    (no ring)
MPRegen 0.10/turn

%: no passive effects
@: no status effects
A: reduced essence, horns 2, retaliatory headbutt
a: Renounce Religion, Recall Ancestor, Ancestor Identity, Transference


You were on level 7 of the Dungeon.
You worshipped Hepliaklqana.
Hepliaklqana was most pleased with you.
You visited 1 branch of the dungeon, and saw 5 of its levels.
You also visited: Sewer.

You collected 173 gold pieces.

Inventory:

Hand Weapons
 l - the +3 whip of the Sky (weapon) {freeze, Drain rElec Stlth+}
   (You found it on level 3 of the Dungeon)

   rElec:     It insulates you from electricity.
   Drain:     It drains your maximum health when unequipped.
   Stlth:     It makes you more stealthy.
Armour
 b - a +1 scale mail
 c - a +0 buckler (worn)
 p - a +0 cloak (worn)
 v - the +0 leather armour of Gemnoss (worn) {rF+ Int+2}
   (You found it on level 4 of the Dungeon)

   Int:       It affects your intelligence (+2).
   rF:        It protects you from fire.
Scrolls
 e - 2 scrolls of silence
 g - a scroll of fog
 k - 2 scrolls of identify
 m - a scroll of brand weapon {unknown}
 n - 3 scrolls of blinking
 q - 2 scrolls of teleportation
 u - a scroll of revelation {unknown}
Potions
 d - 3 potions of might
 f - a potion of resistance {unknown}
 h - a potion of curing {unknown}
 i - a potion of cancellation {unknown}
 j - a potion of magic {unknown}
 o - a potion of haste {unknown}
 s - a potion of brilliance {unknown}
 t - a potion of degeneration {unknown}


   Skills:
 + Level 5.4 Fighting
 + Level 6.6(6.7) Axes
 + Level 1.4(4.4) Maces & Flails
 + Level 6.2 Armour
 + Level 2.0 Dodging
 + Level 0.4 Stealth
 + Level 4.7 Shields


You had 6 spell levels left.
You didn't know any spells.
Your spell library contained the following spells:

 Spells                   Type           Power      Damage    Failure   Level
 Ensorcelled Hibernation  Hex/Ice        0%         N/A       67%         2
 Anguish                  Hex/Necr       0%         N/A       99%         4


Dungeon Overview and Level Annotations

Branches:
Dungeon (4/15)              Sewer (visited)
 Temple: D:4-7

Altars:
Dithmenos
Hepliaklqana
Makhleb
Nemelex Xobeh
Trog


Innate Abilities, Weirdness & Mutations

Your life essence is reduced to manifest your ancestor. (-10% HP)
You have a pair of horns on your head.
You reflexively headbutt those who attack you in melee.


Message History

A hound comes into view.
You see here a +0 scimitar.
A gnoll comes into view. It is wielding a +0 halberd.
An orc warrior comes into view. It is wielding a +0 trident.
An orc comes into view. It is wielding a +0 dagger.
A gnoll comes into view. It is wielding a +0 spear.
The gnoll shouts!
You hear a shout!
The orc shouts!
A gnoll comes into view. It is wielding a +0 spear.
You hear a shout!
The orc warrior shouts!
You hear a shout!
The hound barks!
An orc wizard comes into view. It is wielding a +0 dagger.
The orc barely misses you.
You see here a +0 scimitar.
The hound bites you. The orc warrior barely misses you.
The orc hits you but does no damage. The hound attacks as you move away!
The hound bites you. The orc attacks as you move away!
The orc hits you with a +0 dagger. You block the hound's attack.
The orc attacks as you move away! The orc hits you with a +0 dagger.
The hound attacks as you move away! The hound bites you.
A howler monkey comes into view.
The hound attacks as you move away! You block the hound's attack. x2
You hit the hound. You freeze the hound. Your headbutt misses the hound.
The hound is moderately wounded.
The hound bites you but does no damage.
You whack the hound! You freeze the hound. You headbutt the hound.
You kill the hound!
The orc warrior hits you from afar with a +0 trident!
Your base Maces & Flails skill increases to level 1!
The gnoll hits you from afar with a +0 halberd!
The orc warrior hits you with a +0 trident.
* * * LOW HITPOINT WARNING * * *
The gnoll hits you from afar with a +0 spear.
* * * LOW HITPOINT WARNING * * *
You see here a hound corpse.
You closely miss the orc warrior.
The gnoll hits you from afar with a +0 halberd!
* * * LOW HITPOINT WARNING * * *
The orc warrior hits you with a +0 trident!
You die...

#. ##..........#
.............
#.#.........#
##.#.........# . #
#..#...).....#
...>#.######.#..........#
........@ogo.............
##..#.####gg.)...........
#.###..#......=......
#.....##.............
#.....######.............
..... ...............
.##. ###............. ..
##............ ..
#......#.....


You could see an orc warrior, an orc wizard and 3 gnolls.

Vanquished Creatures
  3 kobold brigands (Sewer)
  A hound (D:7)
  Robin (D:2)
  11 adders
  3 gnolls (D:3)
  3 river rats (Sewer)
  2 worms
  A dart slug (D:1)
  3 orcs (D:3)
  9 bats
  8 endoplasms
  5 giant cockroaches
  7 goblins
  10 hobgoblins
  6 jackals
  10 kobolds
  2 quokkas
  5 ball pythons
  2 frilled lizards
  15 rats
107 creatures vanquished.

Vanquished Creatures (collateral kills)
  A water moccasin (D:3)
  A kobold brigand (Sewer)
  A scorpion (D:4)
  2 orcs
  2 endoplasms
  A giant cockroach (D:3)
  A goblin (D:2)
  A hobgoblin (D:4)
  A jackal (D:3)
  A bat (D:2)
  A frilled lizard (D:3)
  4 kobolds
  A rat (Sewer)
18 creatures vanquished.

Vanquished Creatures (others)
  An ancestor (D:2)
1 creature vanquished.

Grand Total: 126 creatures vanquished

Notes
Turn   | Place    | Note
-------+----------+-------------------------------------------
     0 | D:1      | Maratek the Minotaur Fighter began the quest for the Orb.
     0 | D:1      | Reached XP level 1. HP: 19/19 MP: 0/0
   161 | D:1      | Reached XP level 2. HP: 22/27 MP: 1/1
   368 | D:1      | Found a faded altar of an unknown god.
   383 | D:1      | Reached XP level 3. HP: 33/33 MP: 2/2
   397 | D:1      | Prayed at the altar of an unknown god.
   397 | D:1      | Became a worshipper of Hepliaklqana the Forgotten
   397 | D:1      | Reached * piety under Hepliaklqana
  1057 | D:2      | Reached XP level 4. HP: 36/36 MP: 3/3
  1207 | D:2      | Found a sparkling altar of Nemelex Xobeh.
  1628 | D:2      | Noticed Robin
  1650 | D:2      | Killed Robin
  1833 | D:2      | Reached ** piety under Hepliaklqana
  1834 | D:2      | Remembered your ancestor Ria as a knight
  2192 | D:3      | Found a glowing drain.
  2243 | D:3      | Reached XP level 5. HP: 42/42 MP: 4/4
  2249 | Sewer    | Entered a sewer
  2553 | Sewer    | Reached skill level 5 in Axes
  2553 | Sewer    | Reached skill level 1 in Dodging
  2873 | Sewer    | Reached skill level 5 in Armour
  2873 | Sewer    | Reached XP level 6. HP: 39/49 MP: 5/5
  2966 | Sewer    | Reached skill level 5 in Fighting
  3398 | D:3      | Found a bloodstained altar of Trog.
  3427 | D:3      | Reached XP level 7. HP: 54/54 MP: 6/6
  3462 | D:3      | Found a burning altar of Makhleb.
  3469 | D:3      | Identified the +3 whip of the Sky {freeze, Drain rElec
                  | Stlth+}
  3476 | D:3      | Identified the +1 robe of Vaprue {rF- rN+++ Int-5 Stlth+}
  4006 | D:3      | Found a shadowy altar of Dithmenos.
  4268 | D:4      | Reached *** piety under Hepliaklqana
  4278 | D:4      | Identified the +0 leather armour of Gemnoss {rF+ Int+2}
  4355 | D:4      | You fall into a shaft and drop 3 floors!
  4383 | D:7      | Reached skill level 1 in Maces & Flails
  4384 | D:7      | Slain by an orc warrior

Illustrated notes

Levels and vault maps discovered:
D:1:      dpeg_arrival_pond, layout_loops_ring, ebering_ecumenical_altar_ruins,
          st_stairs_12
D:2:      layout_loops_ring, serial_co_window_serial, co_window_cross_1,
          co_window_paths_a, co_window_paths_b, co_window_of_opportunity_a,
          co_window_paths_b, co_window_corner_a, co_window_corner_b,
          co_window_corner_ca, co_window_2corner, co_window_unsneaky_path_b,
          co_window_unsneaky_path_b, co_window_paths_d, co_window_paths_e,
          glass_columns_a, glass_columns_b, glass_columns_a, basic_altar,
          uniq_robin, uniq_crazy_yiuf_cottage
D:3:      layout_basic, bloody_makhleb, mainiacjoe_overflow_catch_the_wave,
          gup_sewer_entry_glass
D:4:      layout_basic, temple_pool_b
D:7:      layout_rooms

Skill      XL: |  1  2  3  4  5  6  7 |
---------------+----------------------+-----
Armour         | 4 5 6 |  6.2
Fighting       | 4 5 |  5.4
Shields        | 4 |  4.7
Axes           | 3 4 5 6 |  6.6
Dodging        | 1 2 |  2.0
Maces & Flails | 1 |  1.4
Stealth        | |  0.4

Action                     |  1- 3 |  4- 6 |  7- 9 || total
---------------------------+-------+-------+-------++-------
  Melee: War axe           |    76 |   124 |     1 ||   201
         Headbutt          |     7 |    15 |     3 ||    25
         Whip              |       |       |    25 ||    25
 Invoke: Ancestor Identity |     1 |       |       ||     1
         Ancestor Life: Kn |       |     1 |       ||     1
    Use: Scroll            |       |     6 |       ||     6
 Armour: Scale mail        |    57 |    61 |    10 ||   128
         Leather armour    |       |       |     2 ||     2
  Dodge: Dodged            |    45 |    76 |    23 ||   144
  Block: Buckler           |    21 |    32 |     9 ||    62

Table legend: (Time is in decaauts)
 A = Elapsed time spent in this place.
 B = Non-inter-level travel time spent in this place.
 C = Inter-level travel time spent in this place.
 D = Time resting spent in this place.
 E = Time spent auto-exploring this place.
 F = Levels seen in this place.
 G = Mean time per level.
                   A        B        C        D        E       F      G
               +--------+--------+--------+--------+--------+-----+--------+
         Total |   4631 |   4514 |    117 |    404 |   3040 |   6 |  771.8 |
       Dungeon |   3406 |   3289 |    117 |      0 |   2533 |   5 |  681.2 |
         Sewer |   1225 |   1225 |      0 |    404 |    507 |   1 | 1225.0 |
               +--------+--------+--------+--------+--------+-----+--------+

Top non-repeatable levels by time:
     D:2: 1283 daAuts
   Sewer: 1225 daAuts
     D:3: 1022 daAuts
     D:1: 898 daAuts
     D:4: 173 daAuts
     D:7: 28 daAuts
